 Dungeon Crawl Stone Soup version 0.25-a0-577-ga4619f4 (webtiles) character file.

Game seed: 1797096272102972917, levelgen mode: deterministic

4126 15 the Cleaver (level 10, -9/68 HPs)
             Began as a Formicid Fighter on Mar 2, 2020.
             Was an Elder of Okawaru.
             Mangled by a komodo dragon (13 damage)
             ... on level 9 of the Dungeon.
             The game lasted 00:27:46 (8385 turns).

15 the Cleaver (Formicid Fighter)                   Turns: 8385, Time: 00:27:47

Health: -9/68      AC:  8    Str: 21    XL:     10   Next: 51%
Magic:  18/18      EV: 13    Int: 10    God:    Okawaru [****..]
Gold:   383        SH: 10    Dex: 11    Spells: 16/17 levels left

rFire    . . .     SeeInvis +   a - +1 war axe
rCold    + . .     Gourm    .   c - +0 kite shield
rNeg     . . .     Faith    .   j - +1 scale mail {rPois}
rPois    +         Spirit   .   (helmet unavailable)
rElec    .         Reflect  .   (no cloak)
rCorr    .         Harm     .   (no gloves)
MR       ++...                  (no boots)
Stlth    +.........             (no amulet)
HPRegen  0.21/turn              r - ring of protection from magic
MPRegen  0.16/turn              v - +3 ring of evasion

@: no status effects
A: permanent stasis, dig shafts and tunnels, four strong arms, antennae 3, cold
resistance 1, frail 1, high mp 1
a: Dig, Shaft Self, Heroism, Renounce Religion


You were on level 9 of the Dungeon.
You worshipped Okawaru.
Okawaru was greatly pleased with you.
You were not hungry.

You visited 2 branches of the dungeon, and saw 10 of its levels.

You collected 653 gold pieces.
You spent 270 gold pieces at shops.

Inventory:

Hand Weapons
 a - a +1 war axe (weapon)
 e - a +0 flail of venom
 k - a +2 whip of electrocution
 l - a +1 whip of distortion
 n - a +0 flail of protection
 x - a +0 hunting sling of flaming
Missiles
 i - 99 bolts
 y - 33 sling bullets
Armour
 c - a +0 kite shield (worn)
 j - a +1 scale mail of poison resistance (worn)
Jewellery
 r - a ring of protection from magic (left hand)
 v - a +3 ring of evasion (right hand)
Wands
 g - a wand of paralysis (9)
 m - a wand of flame (1)
 s - a wand of acid (9)
Scrolls
 b - 3 scrolls of amnesia
 h - 3 scrolls of magic mapping
 o - 2 scrolls of identify
 p - 2 scrolls of remove curse
 u - a scroll of enchant armour {unknown}
 w - 2 scrolls of fear
Potions
 d - a potion of cancellation
 q - a potion of curing
 t - a potion of magic
 z - a potion of heal wounds
 B - a potion of ambrosia {unknown}
Comestibles
 f - 18 rations
 A - 2 chunks of flesh


   Skills:
 * Level 6.0 Fighting
 + Level 8.3 Axes
 + Level 0.2(5.1) Maces & Flails
 * Level 6.4 Armour
 * Level 3.6 Dodging
 * Level 5.4 Stealth
 * Level 6.9 Shields
 * Level 4.2 Spellcasting
 * Level 4.5 Hexes
 * Level 1.9 Invocations


You had 16 spell levels left.
You knew the following spells:

 Your Spells              Type           Power        Failure   Level  Hunger
a - Corona                Hex            ##.....      16%         1    #......

Your spell library contained the following spells:

 Spells                   Type           Power        Failure   Level  Hunger
 Animate Skeleton         Necr           N/A          69%         1    #......
 Apportation              Tloc           #.....       69%         1    #......
 Summon Small Mammal      Summ           #...         69%         1    #......


Dungeon Overview and Level Annotations

Branches:
Dungeon (9/15)             Temple (1/1) D:4            Lair (0/6) D:9
    Orc: D:9-12

Altars:
Ashenzari
Cheibriados
Dithmenos
Elyvilon
Fedhas
Gozag
Hepliaklqana
Kikubaaqudgha
Makhleb
Nemelex Xobeh
Okawaru
Qazlal
Ru
Sif Muna
Trog
Uskayaw
Vehumet
Wu Jian
Xom
Yredelemnul
Zin
The Shining One

Shops:
D:4 *   D:5 %

Annotations:
D:7 2 runed translucent doors, exclusion: orange crystal statue


Innate Abilities, Weirdness & Mutations

You cannot be hasted, slowed, berserked, paralysed or teleported.
You can dig through walls and to a lower floor.
Your four strong arms can wield two-handed weapons with a shield.
You have a pair of large antennae on your head. (SInv)
Your flesh is cold resistant. (rC+)
You are frail. (-10% HP)
You have an increased reservoir of magic. (+10% MP)


Message History

You closely miss the komodo dragon.
The komodo dragon is heavily wounded.
The komodo dragon barely misses you.
You hit the komodo dragon.
The komodo dragon is heavily wounded.
The komodo dragon closely misses you. The komodo dragon bites you!
You closely miss the komodo dragon.
The komodo dragon is heavily wounded.
The komodo dragon bites you but does no damage.
You completely miss the komodo dragon.
The komodo dragon is heavily wounded.
The komodo dragon bites you!!
* * * LOW HITPOINT WARNING * * *
You hit the komodo dragon.
The komodo dragon is heavily wounded.
You block the komodo dragon's attack.
You hit the komodo dragon.
The komodo dragon is severely wounded.
The komodo dragon bites you!
You die...

..###..#####..###..###..)........
..# #..# #..# #..# #......#####
..# #..# #..# #..# #......# # ..#
#..# #..# #..# #......# # ..#
#..# #..# #..# #......# # ..#
#..# #..# #..# #......# # ..#
#..#####..# #..###......# # ..#
#.........###...........# # ..#
#..........l@)..........# # ..#
#..............##.......#####
..###..#####.#####.##...##.......
.......# #.# *.##...##.......
.......# #.# *,#*,,,*#..####.
..###..# #.# #h*#...##..# #. ..#
#..# #.* #.*#...##..# #. ..# #..#
*,* #.*#...##..# #. ..# #..# *,*
#h*#...##..# #.


You could see a komodo dragon.

Vanquished Creatures
  Pikel (D:7)
  Joseph (D:7)
  Grum (D:9)
  Duvessa (D:5)
  A water moccasin (D:7)
  A slave (D:7)
  An orc warrior (D:8)
  A sky beast (D:5)
  An ogre (D:7)
  2 phantoms (D:8)
  3 wolves (D:9)
  3 centaurs
  3 big kobolds
  A bullfrog (D:6)
  A gnoll sergeant (D:7)
  Dowan (D:5)
  3 scorpions
  A wyvern skeleton (D:8)
  3 howler monkeys (D:9)
  A crimson imp (D:7)
  A bullfrog zombie (D:7)
  2 centaur zombies
  2 quasits
  A gnoll shaman (D:7)
  6 hounds
  2 jellies
  3 orc priests
  7 orc wizards
  2 iguanas
  Ijyb (D:3)
  Natasha (thrice) (D:2)
  4 worker ants
  A hound skeleton (D:9)
  20 gnolls
  7 adders
  2 shadow imps
  An ooze (D:2)
  An adder zombie (D:5)
  3 worms
  2 dart slugs
  4 leopard geckos
  24 orcs
  6 giant cockroaches
  8 goblins
  6 hobgoblins
  10 jackals
  4 quokkas
  A ball python (D:2)
  5 bats
  3 frilled lizards
  A jackal zombie (D:7)
  28 kobolds
  A quokka zombie (D:7)
  10 rats
213 creatures vanquished.

Vanquished Creatures (others)
  A gnoll (D:7)
  3 plants
4 creatures vanquished.

Grand Total: 217 creatures vanquished

Notes
Turn   | Place    | Note
-------+----------+-------------------------------------------
     0 | D:1      | 15 the Formicid Fighter began the quest for the Orb.
     0 | D:1      | Reached XP level 1. HP: 18/18 MP: 1/1
   346 | D:1      | Reached XP level 2. HP: 24/24 MP: 2/2
   565 | D:1      | Reached skill level 1 in Stealth
   708 | D:2      | Reached XP level 3. HP: 29/29 MP: 3/3
   736 | D:2      | Found a shattered altar of Ashenzari.
   738 | D:2      | Found a white marble altar of Elyvilon.
   738 | D:2      | Found a shimmering blue altar of Sif Muna.
   738 | D:2      | Noticed Natasha
   739 | D:2      | Found a hazy altar of Hepliaklqana.
   739 | D:2      | Found a sacrificial altar of Ru.
   750 | D:2      | Killed Natasha
   750 | D:2      | Reached XP level 4. HP: 21/36 MP: 4/4
   870 | D:2      | Found a stormy altar of Qazlal.
   948 | D:2      | Reached skill level 3 in Axes
   948 | D:2      | Reached XP level 5. HP: 41/42 MP: 5/5
  1004 | D:2      | Noticed Natasha
  1016 | D:2      | Killed Natasha
  1179 | D:2      | Learned a level 1 spell: Corona
  1282 | D:2      | Noticed Natasha
  1286 | D:2      | Killed Natasha
  1388 | D:3      | Noticed Ijyb
  1408 | D:3      | Killed Ijyb
  1504 | D:3      | Reached XP level 6. HP: 46/48 MP: 6/6
  1519 | D:3      | Reached skill level 1 in Dodging
  1758 | D:3      | Gained mutation: Scrolls take you a little longer to read.
                  | [potion of mutation]
  1758 | D:3      | Gained mutation: You are clumsy. (Dex -2) [potion of
                  | mutation]
  1758 | D:3      | Gained mutation: You evolve. [potion of mutation]
  1758 | D:3      | Gained mutation: You possess an exceptional clarity of
                  | mind. [potion of mutation]
  1759 | D:3      | Lost mutation: Scrolls take you a little longer to read.
                  | [potion of mutation]
  1759 | D:3      | Lost mutation: You are clumsy. (Dex -2) [potion of
                  | mutation]
  1759 | D:3      | Lost mutation: You evolve. [potion of mutation]
  1759 | D:3      | Lost mutation: You possess an exceptional clarity of mind.
                  | [potion of mutation]
  1759 | D:3      | Gained mutation: Your flesh is cold resistant. (rC+)
                  | [potion of mutation]
  1759 | D:3      | Gained mutation: You are frail. (-10% HP) [potion of
                  | mutation]
  1759 | D:3      | Gained mutation: You have an increased reservoir of magic.
                  | (+10% MP) [potion of mutation]
  1962 | D:3      | Reached skill level 4 in Axes
  2112 | D:3      | Reached skill level 1 in Hexes
  2272 | D:3      | Found an opulent altar of Gozag.
  2448 | D:4      | Reached XP level 7. HP: 27/48 MP: 9/9
  2691 | D:4      | Reached skill level 1 in Spellcasting
  3191 | D:4      | Found a staircase to the Ecumenical Temple.
  3358 | D:4      | Found Yzoloagh's General Store.
  3366 | D:4      | Bought a potion of curing for 39 gold pieces
  3366 | D:4      | Bought a scroll of identify for 26 gold pieces
  3366 | D:4      | Bought a scroll of identify for 26 gold pieces
  3366 | D:4      | Bought a scroll of remove curse for 39 gold pieces
  3459 | Temple   | Entered the Ecumenical Temple
  3669 | Temple   | Became a worshipper of Warmaster Okawaru
  3831 | D:5      | Entered Level 5 of the Dungeon
  4028 | D:5      | Reached skill level 5 in Axes
  4028 | D:5      | Reached skill level 5 in Shields
  4194 | D:5      | Noticed Dowan
  4196 | D:5      | Noticed Duvessa
  4209 | D:5      | Killed Duvessa
  4209 | D:5      | Reached XP level 8. HP: 42/54 MP: 11/11
  4223 | D:5      | Killed Dowan
  4326 | D:5      | Found Gynten's Food Emporium.
  4335 | D:5      | Bought a ration for 70 gold pieces
  4335 | D:5      | Bought a ration for 70 gold pieces
  4379 | D:5      | Found a sparkling altar of Nemelex Xobeh.
  4459 | D:5      | Reached * piety under Okawaru
  4459 | D:5      | Reached skill level 5 in Armour
  5065 | D:6      | Reached skill level 6 in Axes
  5582 | D:7      | Reached XP level 9. HP: 25/60 MP: 12/14
  5792 | D:7      | Noticed Joseph
  5811 | D:7      | Killed Joseph
  5811 | D:7      | Reached ** piety under Okawaru
  5811 | D:7      | Reached skill level 5 in Fighting
  5864 | D:7      | Noticed Pikel
  5885 | D:7      | Killed Pikel
  5885 | D:7      | Reached skill level 7 in Axes
  5973 | D:7      | HP: 3/61 [gnoll/+0 whip (1)]
  6183 | D:7      | Found the +10 tower shield of Ignorance {rN+ Int-4}
  6188 | D:7      | Found a runed translucent door.
  6220 | D:7      | You fall into a shaft and drop 2 floors!
  6525 | D:8      | Reached *** piety under Okawaru
  6525 | D:8      | Reached XP level 10. HP: 56/66 MP: 16/16
  6573 | D:7      | Got a smoking marble ring
  6580 | D:7      | Identified the ring "Ferph" {*Drain *Slow rF+ MR+++ Int+8}
                  | (You found it on level 7 of the Dungeon)
  6622 | D:7      | Found a burning altar of Makhleb.
  6622 | D:7      | Found a radiant altar of Vehumet.
  6652 | D:7      | Found a runed translucent door.
  6654 | D:7      | Noticed an orange crystal statue
  6861 | D:8      | Found a sparkling altar of Nemelex Xobeh.
  6892 | D:8      | Reached skill level 5 in Stealth
  6938 | D:8      | Reached skill level 8 in Axes
  7421 | D:8      | Found a snail-covered altar of Cheibriados.
  7487 | D:8      | Reached skill level 1 in Invocations
  7610 | D:8      | Found an ornate altar of the Wu Jian Council.
  7727 | D:8      | Found a blossoming altar of Fedhas.
  7880 | D:9      | Noticed Grum
  8307 | D:9      | Found a staircase to the Lair.
  8308 | D:9      | Noticed a komodo dragon
  8378 | D:9      | Killed Grum
  8378 | D:9      | Reached **** piety under Okawaru
  8385 | D:9      | Mangled by a komodo dragon

Levels and vault maps discovered:
D:1:      dpeg_arrival_rooms_with_view, layout_basic
D:2:      layout_basic, grunt_qazlal_sundering, grunt_temple_overflow_open,
          uniq_natasha
D:3:      layout_basic, lemuel_doored_altar, uniq_ijyb
D:4:      layout_loops_cross, minmay_temple_entry_wispy, serial_shops, shop,
          first_ration, nrook_loot_triangle
D:5:      layout_loops_ring, nicolae_overflow_hidden_temple, serial_shops, shop,
          chequers_avenue, uniq_duvessa
D:6:      layout_rooms
D:7:      layout_basic, grunt_temple_overflow_lords_of_destruction,
          minmay_curled_crystal, chequers_guarded_unrand_ignorance, uniq_joseph,
          uniq_pikel
D:8:      layout_loops_cross, slow_altar_2, marbit_many_paths,
          fedhas_altar_decomposition, basic_altar
D:9:      layout_long_grid, david_lair_shrubbed, uniq_grum
Temple:   compressed_dpeg_triangle_lava_temple

Skill      XL: |  1  2  3  4  5  6  7  8  9 10 |
---------------+-------------------------------+-----
Stealth        | 1 2 3 4 5 |  5.4
Shields        | 4 5 6 |  6.9
Axes           | 3 4 5 6 7 8 |  8.3
Armour         | 4 5 6 |  6.4
Dodging        | 1 2 3 |  3.6
Fighting       | 4 5 6 |  6.0
Hexes          | 1 2 4 |  4.5
Spellcasting   | 1 2 3 4 |  4.2
Invocations    | 1 |  1.9
Maces & Flails | |  0.2

Action                   |  1- 3 |  4- 6 |  7- 9 | 10-12 || total
-------------------------+-------+-------+-------+-------++-------
Melee: War axe           |    70 |   193 |   345 |   188 ||   796
       Flail             |       |    10 |    16 |       ||    26
       Quarterstaff      |       |       |     1 |       ||     1
Invok: Heroism           |       |       |     6 |     1 ||     7
 Abil: Dig               |       |       |       |     1 ||     1
Evoke: Wand              |       |       |     5 |     1 ||     6
  Use: Scroll            |     4 |     9 |     4 |     1 ||    18
       Potion            |     3 |     2 |     4 |     3 ||    12
 Stab: Paralysed         |       |       |     4 |       ||     4
  Eat: Chunk             |       |     5 |    14 |     6 ||    25
Armor: Scale mail        |    51 |    92 |   127 |    62 ||   332
Dodge: Dodged            |    33 |    76 |   115 |   107 ||   331
Block: Kite shield       |    49 |   103 |   209 |   123 ||   484

Table legend:
 A = Non-vault XP
 B = Vault XP
 C = Vault XP percentage of total XP
 D = Non-vault monster count
 E = Vault monster count
 F = Vault count percentage of total count
                 A         B        C        D         E       F
            +---------+---------+-------+---------+---------+-------
      Total |    3954 |    1941 |  32.9 |     197 |      15 |   7.1
            +---------+---------+-------+---------+---------+-------
        D:1 |      22 |       3 |  12.0 |      15 |       2 |  11.8
        D:2 |     167 |      33 |  16.5 |      24 |       1 |   4.0
        D:3 |     234 |      36 |  13.3 |      34 |       1 |   2.9
        D:4 |     321 |       0 |   0.0 |      23 |       0 |   0.0
        D:5 |     459 |     225 |  32.9 |      14 |       2 |  12.5
        D:6 |     215 |       0 |   0.0 |       5 |       0 |   0.0
        D:7 |    1035 |    1124 |  52.1 |      39 |       3 |   7.1
        D:8 |     933 |       8 |   0.9 |      30 |       2 |   6.2
        D:9 |     568 |     512 |  47.4 |      13 |       4 |  23.5
            +---------+---------+-------+---------+---------+-------
